 Dungeon Crawl Stone Soup version 0.24.0-37-gcf1ca852f1 (webtiles) character file.

Game seed: 16634618287815087091, levelgen mode: deterministic

50 Delamore the Chopper (level 3, -8/31 HPs)
             Began as a Hill Orc Fighter on Nov 30, 2019.
             Mangled by a small abomination (11 damage)
             ... on level 1 of the Abyss.
             The game lasted 00:01:43 (1193 turns).

Delamore the Chopper (Hill Orc Fighter)             Turns: 1193, Time: 00:01:43

Health: -8/31      AC:  9    Str: 19    XL:     3   Next: 79%
Magic:  3/3        EV:  7    Int:  8    God:
Gold:   73         SH:  9    Dex: 10    Spells: 2/2 levels left

rFire    . . .     SeeInvis .   a - +0 war axe
rCold    . . .     Gourm    .   c - +0 shield
rNeg     . . .     Faith    .   b - +0 scale mail
rPois    .         Spirit   .   (no helmet)
rElec    .         Reflect  .   j - +0 cloak
rCorr    .         Harm     .   i - +0 pair of gloves
MR       .....                  (no boots)
Stlth    ..........             (no amulet)
HPRegen  0.10/turn              (no ring)
MPRegen  0.08/turn              (no ring)

@: no status effects
A: no striking features
a: no special abilities


You were on level 1 of the Abyss.
You were not hungry.

You visited 1 branch of the dungeon, and saw 2 of its levels.
You visited the Abyss 1 time.

You collected 73 gold pieces.

Inventory:

Hand Weapons
 a - a +0 war axe (weapon)
Armour
 b - a +0 scale mail (worn)
 c - a +0 shield (worn)
 i - a +0 pair of gloves (worn)
 j - a +0 cloak (worn)
Scrolls
 e - 3 scrolls of identify {unknown}
 g - 2 scrolls of remove curse {unknown}
 h - a scroll of teleportation {unknown}
 m - 2 scrolls of noise {unknown}
Potions
 d - a potion of might
 l - 3 potions of lignification {unknown}
Comestibles
 f - 2 rations


   Skills:
 - Level 3.6 Fighting
 + Level 5.3 Axes
 - Level 3.2 Armour
 - Level 3.2 Shields


You had 2 spell levels left.
You didn't know any spells.
Your spell library was empty.

Dungeon Overview and Level Annotations

Branches:
Dungeon (2/15)

Altars:

Annotations:
D:2 Terence


Message History

The flying skull hits you but does no damage.
The flying skull barely misses you. The flying skull hits you!
* * * LOW HITPOINT WARNING * * *
You block the flying skull's attack. The flying skull closely misses you.
You block the flying skull's attack.
A small abomination comes into view.
The flying skull hits you.
* * * LOW HITPOINT WARNING * * *
You block the small abomination's attack.
The small abomination completely misses you.
The flying skull closely misses you. The small abomination hits you.
* * * LOW HITPOINT WARNING * * *
You block the flying skull's attack.
There is a gateway leading out of the Abyss here.
The small abomination hits you but does no damage.
The small abomination hits you!
You die...

.. .3#..# # ..# ...
. . ..##### .###..#
.. #.#####.#
####...# #
##.#.##.#..#.#...##
.##...#
......##.#...# # #.
# #.# .###x####x..#
# ..# #.
.#.##.z..#..# #.
##. .3.###x..# #..#
...
.#..3..###.#@##..#
#... .. ##.#.#...
##.#....# . . #
..... # ###....#..
# ## .... #.#
..#...### # . ..#
#######.#...## # ##
#. ..# ...##.#
##[#.#.# ...# #. .
#... # # ## # .. .
.# ## .


You could see 2 small abominations and a flying skull.

Vanquished Creatures
  An adder (D:2)
  A worm (D:2)
  3 dart slugs (D:1)
  A leopard gecko (D:1)
  A giant cockroach (D:1)
  6 goblins
  2 hobgoblins
  4 jackals (D:1)
  A ball python (D:2)
  2 bats (D:1)
  4 kobolds (D:1)
  A rat (D:2)
27 creatures vanquished.

Notes
Turn   | Place    | Note
-------+----------+-------------------------------------------
     0 | D:1      | Delamore the Hill Orc Fighter began the quest for the Orb.
     0 | D:1      | Reached XP level 1. HP: 19/19 MP: 1/1
    28 | D:1      | Reached skill level 3 in Axes
   133 | D:1      | Reached XP level 2. HP: 26/26 MP: 2/2
   188 | D:1      | Reached skill level 4 in Axes
   372 | D:1      | Reached XP level 3. HP: 31/31 MP: 3/3
   810 | D:2      | Reached skill level 5 in Axes
  1094 | D:2      | Noticed Terence
  1099 | D:2      | Cast into level 1 of the Abyss (Terence)
  1166 | Abyss:1  | Noticed a flying skull
  1167 | Abyss:1  | Noticed a ynoxinul
  1187 | Abyss:1  | Noticed a small abomination
  1193 | Abyss:1  | Mangled by a small abomination

Levels and vault maps discovered:
D:1:      dpeg_arrival_simpleton_b, layout_basic
D:2:      layout_loops_ring, uniq_terence, uniq_crazy_yiuf_cottage
Abyss:1:  base:
D:2

Skill      XL: |  1  2  3 |
---------------+----------+-----
Axes           | 3 4 5 |  5.3
Fighting       | |  3.6
Armour         | |  3.2
Shields        | |  3.2

Action                   || total
-------------------------++-------
Melee: War axe           ||   120
  Eat: Chunk             ||     1
Armor: Scale mail        ||    65
Dodge: Dodged            ||    43
Block: Shield            ||    59
